[Event "Team 45 45 League T36"]
[Site "Internet Chess Club"]
[Date "2008.03.01"]
[Round "6"]
[White "uipawn"]
[Black "slakkjaw"]
[Result "1-0"]
[WhiteElo "1340"]
[BlackElo "1337"]
[Opening "Three knights game"]
[ECO "C46"]
[Time "20:06:37"]
[TimeControl "2700+45"]

1. e4 e5 2. Nf3 Nc6 3. Nc3 Bb4 4. Nd5 Bc5 5. c3 a5 6. d4 exd4 7. cxd4 Bb4+ 8.
Bd2 Bxd2+ 9. Qxd2 Nf6 10. Qg5 Nxd5 11. Qxd5 Qe7 12. e5 Qb4+ 13. Nd2 Nxd4 14. Bd3
c6 15. Qe4 O-O 16. O-O g6 17. Rfd1 d5 18. exd6 Qxd6 19. Nc4 Qf6 20. Be2 Nxe2+
21. Qxe2 Qe6 22. Qxe6 Bxe6 23. Nd6 b5 24. a3 Rfd8 25. Nb7 Rxd1+ 26. Rxd1 Kf8 27.
f3 Ke7 28. Kf2 a4 29. Re1 Rb8 30. Nc5 Rd8 31. Re2 Rd5 32. Na6 Rd4 33. Ke3 Rd5
34. Rc2 Kd6 35. Nb4 Re5+ 36. Kf4 g5+ 37. Kg3 c5 38. Nd3 Rd5 39. Nf2 h5 40. h4
Rd4 41. Ne4+ Ke7 42. Rxc5 Bc4 43. Rxg5 Rd5 44. Kf4 Rxg5 45. Kxg5 Bf1 46. Kxh5
Bxg2 47. Kg4 Ke6 48. Kf4 Bh3 49. Ng5+ Kf6 50. Nxh3 Kg6 51. Ng5 f6 52. Ne4 f5 53.
Nd6 Kh5 54. Nxf5 Kg6 55. Nd6 Kh5 56. Kg3 Kg6 57. Nxb5 Kh5 58. f4 Kg6 59. Kg4 Kh6
60. f5 Kg7 61. Kg5 Kf7 62. h5 Kg7 63. h6+ Kh7 64. f6 Kg8 65. Kg6 Kh8 66. Nd6 Kg8
67. h7+ Kh8 68. Nf7# {Black checkmated} 1-0

[Event "Team 45 45 League T36"]
[Site "Internet Chess Club"]
[Date "2008.03.02"]
[Round "6"]
[White "Renato77"]
[Black "Mfalme"]
[Result "1-0"]
[WhiteElo "1256"]
[BlackElo "1304"]
[Opening "Philidor's defense"]
[ECO "C41"]
[Time "11:07:04"]
[TimeControl "2700+45"]

1. e4 e5 2. Nf3 d6 3. Nc3 Nf6 4. d4 exd4 5. Nxd4 Bd7 6. Bb5 Bxb5 7. Ncxb5 a6 8.
Nc3 c5 9. Nf5 b5 10. Bf4 b4 11. Nd5 Nxd5 12. Qxd5 Ra7 13. O-O-O Rd7 14. e5 g6
15. Nxd6+ Bxd6 16. exd6 O-O 17. Bh6 Re8 18. Rhe1 Rxe1 19. Rxe1 Rxd6 20. Qe5 f6
21. Qe8+ Qxe8 22. Rxe8+ Kf7 23. Rf8+ Ke6 24. Rxb8 Kf5 25. Be3 Rc6 26. c3 h5 27.
h4 g5 28. hxg5 fxg5 29. Rf8+ Kg6 30. f4 g4 31. Rg8+ Kf5 32. Rg5+ Ke4 33. Kd2 c4
34. cxb4 Rc7 35. Rxh5 Re7 {Black resigns} 1-0

[Event "Team 45 45 League T36"]
[Site "Internet Chess Club"]
[Date "2008.03.03"]
[Round "6"]
[White "b2solo"]
[Black "jocooper"]
[Result "0-1"]
[WhiteElo "1251"]
[BlackElo "1200"]
[Opening "Réti opening"]
[ECO "A04"]
[Time "20:57:40"]
[TimeControl "2700+45"]

1. Nf3 Nc6 2. g3 e5 3. d3 Bb4+ 4. c3 Ba5 5. Bg2 Nf6 6. Nbd2 d5 7. O-O O-O 8. b4
Bb6 9. b5 Ne7 10. Nxe5 d4 11. c4 Rb8 12. a4 Nd7 13. Nef3 Nf6 14. Bb2 Nf5 15. Re1
a6 16. Nb3 Re8 17. c5 Ba7 18. Nfxd4 Nxd4 19. Bxd4 b6 20. c6 Be6 21. e4 Bxb3 22.
Qxb3 Qxd4 23. Bh3 Rbd8 24. Re3 Qxa1+ 25. Kg2 Qe5 26. f4 Qd4 27. Rf3 Nxe4 28.
dxe4 Qxe4 29. Bd7 Re7 30. Kh3 Qg6 31. Qb4 Qh5+ 32. Kg2 Re2+ 33. Rf2 Rxf2+ 34.
Kxf2 Qxh2+ 35. Kf3 Qh5+ 36. Kf2 Qc5+ 37. Qxc5 bxc5 38. Ke3 c4+ 39. Kd2 Bd4 40.
g4 c3+ 41. Kd3 axb5 42. axb5 Rb8 43. Bf5 Rxb5 44. Kxd4 c2 45. Bxc2 h6 46. Be4 g5
47. f5 f6 48. Kc4 Ra5 49. Kb4 Re5 50. Bf3 Kf7 51. Kc4 Ke7 52. Bd5 Kd6 53. Bg2
Re1 54. Kb5 Rb1+ 55. Kc4 Rg1 56. Bf3 Rg3 57. Be2 Kxc6 58. Kd4 Kd6 59. Bc4 Rxg4+
60. Ke3 Rxc4 {White resigns} 0-1

[Event "Team 45 45 League T36"]
[Site "Internet Chess Club"]
[Date "2008.03.01"]
[Round "6"]
[White "tryanything"]
[Black "Ghashgork"]
[Result "1-0"]
[WhiteElo "1702"]
[BlackElo "1611"]
[Opening "Nimzo-Indian defense"]
[ECO "E20"]
[Time "15:00:25"]
[TimeControl "2700+45"]

1. d4 Nf6 2. c4 e6 3. Nc3 Bb4 4. Bd2 O-O 5. g3 Nc6 6. e3 b6 7. Nge2 Ba6 8. b3
Bb7 9. Bg2 a5 10. O-O Bxc3 11. Bxc3 Qe7 12. a3 Nd8 13. Qd3 Bxg2 14. Kxg2 d5 15.
f3 Nb7 16. e4 dxe4 17. fxe4 h6 18. e5 Nh7 19. Bd2 Rfd8 20. Qe4 Rab8 21. Be3 Rf8
22. h4 f6 23. Qg6 fxe5 24. Bxh6 Rf6 25. Rxf6 Qxf6 26. Qxf6 Nxf6 27. dxe5 gxh6
28. exf6 Kf7 29. Rf1 Nc5 30. Nd4 Rd8 31. Nb5 Nxb3 32. Nxc7 Rc8 33. Nb5 Rd8 34.
g4 Rd2+ 35. Kg3 Rd3+ 36. Kf4 Nc5 37. g5 hxg5+ 38. hxg5 Kg6 39. Rh1 e5+ 40. Kxe5
Kxg5 41. Rf1 Re3+ 42. Kd5 Nd7 43. f7 Nf8 44. Kc6 a4 45. Kxb6 Re4 46. c5 Re6+ 47.
c6 Nd7+ 48. Kc7 Nf8 49. Kb7 {Black resigns} 1-0

[Event "Team 45 45 League T36"]
[Site "Internet Chess Club"]
[Date "2008.03.01"]
[Round "6"]
[White "jacknor"]
[Black "klutzer"]
[Result "0-1"]
[WhiteElo "1673"]
[BlackElo "1527"]
[Opening "Sicilian: Smith-Morra gambit"]
[ECO "B21"]
[Time "13:05:08"]
[TimeControl "2700+45"]

1. e4 c5 2. d4 cxd4 3. c3 Nc6 4. Nf3 dxc3 5. Nxc3 d6 6. Bc4 e6 7. Qe2 Be7 8. O-O
Nf6 9. Bg5 e5 10. h3 O-O 11. Rfd1 a6 12. a4 b6 13. Bxf6 Bxf6 14. Nd5 Bb7 15.
Rac1 Ne7 16. Nxf6+ gxf6 17. Nh4 Qd7 18. Qe3 b5 19. axb5 axb5 20. Bb3 Kh8 21. Qf3
f5 22. Nxf5 Nxf5 23. Qxf5 Qe7 24. Bd5 Bc8 25. Qf3 Rb8 26. Kh1 f5 27. Qe3 Bb7 28.
exf5 Rxf5 29. Bxb7 Rxb7 30. Rd2 Rb8 31. Rcd1 Rbf8 32. Kg1 Qh4 33. Qg3 Qb4 34.
Qc3 Qc5 35. Rf1 b4 36. Qd3 R5f6 37. Qd5 Qb6 38. Qd3 Qb7 39. Qd5 Qb6 40. Qb3 Qb7
41. Qd5 Qb6 42. b3 Rc8 43. Rb2 Qd4 44. Qxd4 exd4 45. Rd1 Rf4 46. g3 Re4 47. Rbd2
Rc3 48. Rxd4 Rxd4 49. Rxd4 Rxb3 50. Rxd6 Kg7 51. Rb6 h6 52. Kg2 h5 53. Kf1 h4
54. g4 Rxh3 55. Rxb4 Kg6 56. Rb5 Ra3 57. Kg2 h3+ 58. Kh2 Rf3 59. Rh5 Rxf2+ 60.
Kg3 Rc2 61. Kxh3 Rc3+ 62. Kh4 Rb3 63. Rc5 Rf3 64. Rc1 Rf6 65. Rg1 Kg7 66. Kg5
Rg6+ 67. Kf5 Rf6+ 68. Ke5 Rb6 69. Rf1 Kg6 70. Kf4 Rf6+ {White resigns} 0-1

[Event "Team 45 45 League T36"]
[Site "Internet Chess Club"]
[Date "2008.03.01"]
[Round "6"]
[White "nathesh"]
[Black "quotha"]
[Result "0-1"]
[WhiteElo "1434"]
[BlackElo "1504"]
[Opening "Bird's opening"]
[ECO "A03"]
[Time "12:56:59"]
[TimeControl "2700+45"]

1. f4 d5 2. b3 Nf6 3. e3 c5 4. c4 e6 5. Nf3 Be7 6. Bb2 Nc6 7. cxd5 exd5 8. Bb5
Qb6 9. Na3 O-O 10. O-O Nb4 11. h3 Bf5 12. Be2 Rad8 13. d3 h6 14. Nc2 Nxc2 15.
Qxc2 Qe6 16. Qd2 Rfe8 17. Ne5 Bd6 18. g4 Bh7 19. a3 Nd7 20. f5 Qe7 21. Nxd7 Rxd7
22. Rf3 Qg5 23. Raf1 d4 24. Qc2 Rxe3 25. Bc1 Rde7 26. Bxe3 Rxe3 27. Rxe3 Qxe3+
28. Rf2 Qg3+ 29. Rg2 Qxh3 30. b4 Qe3+ 31. Kf1 Qe5 32. Bf3 b6 33. Be4 Kf8 34. Qa4
Bb8 35. Qd1 c4 36. Re2 cxd3 37. Bxd3 Qf4+ 38. Rf2 Qd6 39. Re2 Qd5 40. Be4 Qd7
41. Qc2 Be5 42. Bc6 Qc7 43. Qe4 f6 44. Rc2 Qd6 45. Bd5 Ke7 46. Be6 Qxe6 47. fxe6
Bxe4 48. Re2 Bd3 {White resigns} 0-1

[Event "Team 45 45 League T36"]
[Site "Internet Chess Club"]
[Date "2008.03.01"]
[Round "6"]
[White "john-beebs"]
[Black "Fineas-Fogg"]
[Result "0-1"]
[WhiteElo "1503"]
[BlackElo "1399"]
[Opening "Ruy Lopez: four knights (Tarrasch) variation"]
[ECO "C48"]
[Time "14:27:50"]
[TimeControl "2700+45"]

1. e4 e5 2. Nf3 Nc6 3. Nc3 Nf6 4. Bb5 a6 5. Ba4 b5 6. Bb3 Na5 7. d4 exd4 8. Nxd4
Nxb3 9. axb3 b4 10. e5 bxc3 11. exf6 Qxf6 12. bxc3 Bb7 13. O-O Be7 14. Re1 O-O
15. Qe2 Rfe8 16. Ba3 d6 17. Qd3 a5 18. b4 axb4 19. cxb4 c5 20. bxc5 dxc5 21. Nf5
c4 22. Nxe7+ Rxe7 23. Qd1 Rxe1+ 24. Qxe1 g6 25. Qe8+ Rxe8 {White resigns} 0-1

[Event "Team 45 45 League T36"]
[Site "Internet Chess Club"]
[Date "2008.03.03"]
[Round "6"]
[White "Qualm"]
[Black "KrutoyChelovek"]
[Result "1-0"]
[WhiteElo "1650"]
[BlackElo "1510"]
[Opening "Ruy Lopez: Cozio defense"]
[ECO "C60"]
[Time "12:02:08"]
[TimeControl "2700+45"]

1. e4 e5 2. Nf3 Nc6 3. Bb5 Nge7 4. O-O g6 5. d4 a6 6. Ba4 b5 7. Bb3 Bg7 8. dxe5
Nxe5 9. Nxe5 Bxe5 10. f4 Bg7 11. f5 Nc6 12. fxg6 hxg6 13. Bxf7+ Ke7 14. Bg5+ Kf8
15. Bxg6+ Bf6 16. Rxf6+ Kg8 17. Qd5+ Kg7 18. Qf7# {Black checkmated} 1-0

[Event "Team 45 45 League T36"]
[Site "Internet Chess Club"]
[Date "2008.03.02"]
[Round "6"]
[White "sra66"]
[Black "ZombieKnight"]
[Result "0-1"]
[WhiteElo "1515"]
[BlackElo "1626"]
[Opening "QGD Slav: 3.Nf3"]
[ECO "D11"]
[Time "16:11:59"]
[TimeControl "2700+45"]

1. d4 d5 2. c4 c6 3. Nf3 Bg4 4. e3 e6 5. Nc3 Nf6 6. Be2 dxc4 7. Ne5 Bxe2 8. Qxe2
b5 9. O-O Bd6 10. Rd1 Qc7 11. f4 Nbd7 12. b3 b4 13. Na4 c3 14. a3 a5 15. e4 O-O
16. Re1 c5 17. Nxd7 Nxd7 18. e5 Be7 19. Be3 Rfd8 20. Qc4 Rac8 21. axb4 cxb4 22.
Qb5 Rb8 23. Qe2 Nb6 24. Nxb6 Qxb6 25. d5 Bc5 26. d6 Bxe3+ 27. Qxe3 Qxe3+ 28.
Rxe3 Rb5 29. g4 h6 30. f5 Rd5 31. Kf2 Rd2+ 32. Re2 Rxe2+ 33. Kxe2 Ra8 34. fxe6
fxe6 35. Kd3 Kf7 36. Kc2 Kg6 37. Rf1 a4 38. bxa4 Rxa4 39. Kb3 Ra8 40. Kxb4 Rc8
41. d7 Rd8 42. Kxc3 Rxd7 43. h4 h5 44. gxh5+ Kxh5 45. Rf4 Rd5 46. Re4 g5 47.
hxg5 Kxg5 48. Re2 Kf5 49. Kc4 Rxe5 50. Kd3 Rxe2 51. Kxe2 Ke4 52. Ke1 Kd3 53. Kd1
Ke3 54. Ke1 e5 55. Kf1 Kd2 56. Kf2 e4 57. Kf1 e3 {White resigns} 0-1

[Event "Team 45 45 League T36"]
[Site "Internet Chess Club"]
[Date "2008.02.28"]
[Round "6"]
[White "crazynights"]
[Black "Rubacchus"]
[Result "1-0"]
[WhiteElo "1556"]
[BlackElo "1357"]
[Opening "Sicilian: Pelikan (Lasker/Sveshnikov) variation"]
[ECO "B33"]
[Time "14:04:05"]
[TimeControl "2700+45"]

1. e4 c5 2. Nf3 Nc6 3. d4 cxd4 4. Nxd4 Nf6 5. Nc3 e5 6. Ndb5 d6 7. Bg5 a6 8.
Bxf6 gxf6 9. Na3 b5 10. Nd5 Rb8 11. c3 Rg8 12. Qf3 Be7 13. Nc2 Be6 14. Nce3 a5
15. Nxe7 Qxe7 16. Nd5 Bxd5 17. exd5 Nd8 18. Bd3 h6 19. O-O b4 20. c4 Nb7 21. Bf5
Nc5 22. Rfe1 Qc7 23. Qh3 Na4 24. b3 Nc3 25. Qxh6 Ke7 26. Qe3 Rg5 27. g4 Rbg8 28.
Kh1 Qc5 29. Qxc5 dxc5 30. f4 R5g7 31. fxe5 Rxg4 32. d6+ Kd8 33. Bxg4 Rxg4 34.
exf6 Ne4 35. h3 Rf4 36. Rf1 Rxf6 37. Rxf6 Nxf6 38. Kg2 Kd7 39. Rd1 Ne4 40. h4 f5
41. h5 Nf6 42. h6 Ke6 43. d7 Nxd7 44. Rxd7 Kxd7 45. h7 {Black resigns} 1-0

[Event "Team 45 45 League T36"]
[Site "Internet Chess Club"]
[Date "2008.03.01"]
[Round "6"]
[White "AtomicDog"]
[Black "Visin"]
[Result "1-0"]
[WhiteElo "1392"]
[BlackElo "1277"]
[Opening "Ruy Lopez: Steinitz defense deferred (Russian defense)"]
[ECO "C79"]
[Time "09:55:03"]
[TimeControl "2700+45"]

1. e4 e5 2. Nf3 Nc6 3. Bb5 a6 4. Ba4 Nf6 5. O-O d6 6. h3 Be7 7. Re1 O-O 8. c3 b5
9. Bc2 Bb7 10. d4 exd4 11. cxd4 Nd7 12. Nbd2 Bf6 13. Nf1 Na5 14. b3 c5 15. Bd2
cxd4 16. Bxa5 Qxa5 17. Nxd4 Qb6 18. Nf5 Bxa1 19. Qxa1 f6 20. N1g3 Rae8 21. Nh5
g6 22. Nh6+ Kh8 23. Nf4 Qc5 24. Re2 Qe5 25. Qc1 Qg5 26. Ng4 d5 27. Qd2 Nb6 28.
exd5 Rxe2 29. Nxg6+ hxg6 30. Qxe2 Bxd5 31. Qe7 Rf7 32. Qd8+ Kg7 33. Ne3 f5 34.
Qxg5 {Black resigns} 1-0

[Event "Team 45 45 League T36"]
[Site "Internet Chess Club"]
[Date "2008.03.01"]
[Round "6"]
[White "Mutaant"]
[Black "civilization"]
[Result "1-0"]
[WhiteElo "1400"]
[BlackElo "1536"]
[Opening "Sicilian defense"]
[ECO "B20"]
[Time "15:43:02"]
[TimeControl "2700+45"]

1. e4 c5 2. Bc4 e6 3. Nf3 Nc6 4. O-O a6 5. a3 Nf6 6. d3 Be7 7. Nc3 d5 8. exd5
Nxd5 9. Ne4 b5 10. Bb3 Bb7 11. Be3 Nxe3 12. fxe3 Qc7 13. Nfg5 Bxg5 14. Nxg5 O-O
15. Qh5 h6 16. Ne4 Ne5 17. Ng3 Rad8 18. Rf2 c4 19. dxc4 bxc4 20. Ba4 Bc6 21.
Bxc6 Nxc6 22. Raf1 Rd7 23. Qg4 Ne5 24. Qe4 Ng6 25. Nh5 a5 26. Nf4 Nxf4 27. exf4
c3 28. b3 Rfd8 29. f5 Rd4 30. Qe3 exf5 31. Rxf5 Rd1 32. h3 Qd7 33. Rf3 Rxf1+ 34.
Rxf1 Qd4 35. Qxd4 Rxd4 36. Rf3 Rd1+ 37. Kh2 Ra1 38. a4 Re1 39. Rxc3 Re5 40. Rc8+
Kh7 41. Rb8 Rc5 42. c4 Kg6 43. Rb5 Rc6 44. Rxa5 f5 45. Kg3 Kf6 46. Rb5 Rd6 47.
c5 Rd3+ 48. Kh2 Rc3 49. b4 Ke6 50. Rb6+ Kd5 51. a5 Ra3 52. a6 Ke5 53. b5 Kd5 54.
c6 Kc5 55. Rb7 Kd6 56. Rxg7 Ra5 57. Rb7 Kc5 58. Kg3 Ra3+ 59. Kf4 Rb3 60. Kxf5
Rb2 61. g4 Rf2+ 62. Kg6 {Black resigns} 1-0

[Event "Team 45 45 League T36"]
[Site "Internet Chess Club"]
[Date "2008.03.02"]
[Round "6"]
[White "EyeAm"]
[Black "moreffee"]
[Result "1/2-1/2"]
[WhiteElo "1398"]
[BlackElo "1349"]
[Opening "Sicilian: closed"]
[ECO "B23"]
[Time "14:06:25"]
[TimeControl "2700+45"]

1. e4 c5 2. Nc3 e6 3. g3 Nc6 4. Bg2 Nf6 5. d3 Be7 6. Nf3 O-O 7. O-O d6 8. Bg5 a6
9. a3 Bd7 10. Rb1 h6 11. Be3 Ng4 12. Bd2 Nge5 13. Na2 Nxf3+ 14. Qxf3 Nd4 15. Qd1
e5 16. f4 Rb8 17. fxe5 dxe5 18. Nc1 Qc8 19. Ne2 Bg4 20. Rf2 Nxe2+ 21. Rxe2 Bxe2
22. Qxe2 Qd8 {Game drawn by mutual agreement} 1/2-1/2

[Event "Team 45 45 League T36"]
[Site "Internet Chess Club"]
[Date "2008.03.02"]
[Round "6"]
[White "knight2f3"]
[Black "Hastings"]
[Result "1-0"]
[WhiteElo "1377"]
[BlackElo "1240"]
[Opening "Queen's pawn: London system"]
[ECO "A45"]
[Time "13:48:07"]
[TimeControl "2700+45"]

1. d4 Nf6 2. Bf4 Nc6 3. e3 e6 4. Nf3 b6 5. Nbd2 Bb7 6. c3 Nh5 7. Bg5 f6 8. Bh4
Be7 9. Bb5 g5 10. Nxg5 Ng7 11. Ngf3 Nf5 12. e4 Nxh4 13. Nxh4 d6 14. Qh5+ Kd7 15.
d5 Qg8 16. dxc6+ Bxc6 17. Bxc6+ Kxc6 18. O-O-O e5 19. Kb1 a5 20. f4 a4 21. a3
Ra5 22. Qe2 Kd7 23. Qc4 Qg4 24. Nf5 Rf8 25. Nxe7 Kxe7 26. Qxc7+ Ke6 27. f5+
{Black resigns} 1-0

[Event "Team 45 45 League T36"]
[Site "Internet Chess Club"]
[Date "2008.03.02"]
[Round "6"]
[White "MeansToAnEnd"]
[Black "joaoazm"]
[Result "0-1"]
[WhiteElo "933"]
[BlackElo "1141"]
[Opening "QGD Slav defense"]
[ECO "D10"]
[Time "19:02:06"]
[TimeControl "2700+45"]

1. d4 d5 2. c4 c6 3. Nc3 Bf5 4. Qb3 Qc7 5. Nf3 f6 6. e3 e6 7. Be2 Bd6 8. c5 Be7
9. O-O Nh6 10. h3 O-O 11. Nh4 b6 12. cxb6 axb6 13. Na4 b5 14. Nc5 e5 15. Nxf5
Nxf5 16. Ne6 Qd6 17. Nxf8 Kxf8 18. Bg4 g6 19. Bd2 e4 20. Bb4 Qc7 21. Rfc1 Na6
22. Qa3 Bxb4 23. Qb3 Qd6 24. a3 Ba5 25. Qc2 Bc7 26. g3 Nxg3 27. fxg3 Qxg3+ 28.
Qg2 Qxe3+ 29. Qf2 Qxf2+ 30. Kxf2 f5 31. Be2 Nb8 32. b3 Ke7 33. a4 b4 34. h4 h6
35. h5 g5 36. Rg1 f4 37. Rxg5 e3+ 38. Kf3 hxg5 39. h6 Nd7 40. h7 Rh8 41. Rh1 Nf6
42. Bd3 Kf7 43. Bf5 Kg7 44. Rc1 g4+ 45. Bxg4 Nxg4 46. Kxg4 Rxh7 47. Rxc6 Kf8 48.
Kf5 e2 49. Rc1 f3 50. Kg4 f2 51. Kf3 e1=Q 52. Rxe1 fxe1=Q 53. Kg4 Rg7+ 54. Kf5
Rf7+ 55. Kg6 Qg3+ {White resigns} 0-1

[Event "Team 45 45 League T36"]
[Site "Internet Chess Club"]
[Date "2008.02.28"]
[Round "6"]
[White "seldredg"]
[Black "kinchknifeblade"]
[Result "0-1"]
[WhiteElo "1308"]
[BlackElo "1363"]
[Opening "English, 1...Nf6 (Anglo-Indian defense)"]
[ECO "A15"]
[Time "22:05:05"]
[TimeControl "2700+45"]

1. c4 Nf6 2. g3 e6 3. Nc3 c6 4. e4 Bb4 5. Nf3 Bxc3 6. bxc3 Nxe4 7. Ba3 d5 8. Rb1
Nd6 9. c5 Ne4 10. Bd3 Qf6 11. Qe2 Nxc3 12. Bb2 Nxe2 13. Bxf6 gxf6 14. Bxe2 Nd7
15. d4 Ke7 16. h4 b6 17. h5 h6 18. Rh4 bxc5 19. dxc5 Nxc5 20. Nd4 Bb7 21. Rc1
Kd6 22. f4 f5 23. g4 fxg4 24. Rxg4 Rhg8 25. f5 Rxg4 26. Bxg4 Nd3+ 27. Kd2 Nxc1
28. Kxc1 Rg8 29. Bh3 e5 30. Ne2 Ba6 31. Nc3 Rg3 {White resigns} 0-1

[Event "Team 45 45 League T36"]
[Site "Internet Chess Club"]
[Date "2008.03.02"]
[Round "6"]
[White "carolinaknight"]
[Black "SeniorCitizen"]
[Result "0-1"]
[WhiteElo "1201"]
[BlackElo "1371"]
[Opening "French: advance, Paulsen attack"]
[ECO "C02"]
[Time "16:04:59"]
[TimeControl "2700+45"]

1. e4 e6 2. d4 d5 3. e5 c5 4. Nf3 Nc6 5. c3 Qb6 6. a3 cxd4 7. cxd4 Nge7 8. Be2
Nf5 9. Nc3 a6 10. O-O Qa7 11. Be3 Be7 12. Bg5 O-O 13. Qd2 Ncxd4 14. Bxe7 Nxf3+
15. Bxf3 Nxe7 16. Qg5 Ng6 17. Rfe1 Qd4 18. Rad1 Qf4 19. Qxf4 Nxf4 20. Rd4 Ng6
21. Bh5 Bd7 22. Re3 f5 23. g3 f4 24. Re2 fxg3 25. Bxg6 gxh2+ 26. Kxh2 hxg6 27.
Rh4 Rf5 28. Rh6 gxh6 {White resigns} 0-1

[Event "Team 45 45 League T36"]
[Site "Internet Chess Club"]
[Date "2008.02.27"]
[Round "6"]
[White "chips"]
[Black "WzeroMN"]
[Result "0-1"]
[WhiteElo "1119"]
[BlackElo "1088"]
[Opening "Nimzovich-Larsen attack: Indian variation"]
[ECO "A01"]
[Time "15:52:56"]
[TimeControl "2700+45"]

1. b3 Nf6 2. Bb2 g6 3. d3 Bg7 4. e4 d6 5. Nc3 e5 6. Nf3 Bg4 7. Be2 Bxf3 8. Bxf3
O-O 9. Qd2 c6 10. O-O-O Nbd7 11. Kb1 Re8 12. g3 b5 13. h4 Qe7 14. h5 Qe6 15.
hxg6 fxg6 16. Bg2 a5 17. Bh3 Qf7 18. Bxd7 Qxd7 19. Rdg1 Kf7 20. Qe2 Rh8 21. g4
h6 22. Bc1 g5 23. Bb2 Ke7 24. Qe3 Nxg4 25. Qg3 Nf6 26. Qh3 Qxh3 27. Rxh3 Rag8
28. Ne2 g4 29. Rhh1 h5 30. Ng3 Kd7 31. Bc1 h4 32. Nf5 h3 33. Bg5 Rh5 34. Bc1 Bf8
35. Ba3 Rgh8 36. Ng3 h2 37. Rg2 Rh3 38. b4 axb4 39. Bxb4 c5 40. Bd2 Ke6 41. Ne2
d5 42. exd5+ Kxd5 43. Bg5 Ke6 44. Rxg4 Nxg4 {White resigns} 0-1

[Event "Team 45 45 League T36"]
[Site "Internet Chess Club"]
[Date "2008.02.29"]
[Round "6"]
[White "Rookmaster"]
[Black "bmw2002"]
[Result "1-0"]
[WhiteElo "1677"]
[BlackElo "1675"]
[Opening "Caro-Kann: classical variation"]
[ECO "B18"]
[Time "20:11:59"]
[TimeControl "2700+45"]

1. e4 c6 2. d4 d5 3. Nc3 dxe4 4. Nxe4 Bf5 5. Ng3 Bd7 6. Bc4 Nf6 7. Bg5 e6 8. Nf3
Be7 9. Qe2 O-O 10. O-O-O b5 11. Bd3 a5 12. h4 Na6 13. Bxf6 Bxf6 14. Ne4 Be7 15.
c3 Qc7 16. Neg5 h6 17. Ne5 hxg5 18. hxg5 Bxg5+ 19. Kb1 g6 20. Qg4 f6 21. Bxg6
Kg7 22. Rh7+ Kg8 23. Qh5 fxe5 24. Bf7+ Rxf7 25. Qxf7# {Black checkmated} 1-0

[Event "Team 45 45 League T36"]
[Site "Internet Chess Club"]
[Date "2008.03.02"]
[Round "6"]
[White "RingLord"]
[Black "Mantra"]
[Result "1-0"]
[WhiteElo "1551"]
[BlackElo "1564"]
[Opening "French: advance, Paulsen attack"]
[ECO "C02"]
[Time "14:03:02"]
[TimeControl "2700+45"]

1. e4 e6 2. d4 d5 3. e5 c5 4. c3 Nc6 5. Nf3 cxd4 6. cxd4 Qb6 7. a3 Nge7 8. b4
Nf5 9. Bb2 Bd7 10. g4 Nh6 11. Rg1 a6 12. Nbd2 Na7 13. Bd3 Bb5 14. Bc2 Ng8 15.
Qb1 h6 16. h4 Ne7 17. Qa2 g6 18. Rc1 Bg7 19. Qb1 Kd7 20. Nb3 Rhc8 21. a4 Bc4 22.
Nc5+ Ke8 23. Ba3 Qc7 24. Rg3 Nac6 25. Nb3 Qb6 26. Nc5 Qc7 27. Nd3 b6 28. Nf4
Rab8 29. Kd1 b5 30. a5 Qa7 31. Qb2 Rc7 32. Nd3 Bxd3 33. Bxd3 Rbc8 34. Rc5 Kd7
35. Ke2 Qb7 36. Rg1 Qa7 37. Rgc1 Qb7 38. R1c2 Ke8 39. Nd2 Kd7 40. Nb3 Qa7 41.
Qc1 Qb7 42. R5c3 Qa7 43. Nc5+ Ke8 44. Qe3 Kf8 45. Qf4 Ke8 46. Qe3 Nb8 47. f4 Nd7
48. Qc1 Nxc5 49. bxc5 Nc6 50. Rb2 Nxd4+ 51. Ke3 Nc6 52. Rcc2 Nxa5 53. Bb4 Nb7
54. Kd4 a5 55. Bxb5+ Kd8 56. Ba3 Bf8 57. g5 h5 58. Kd3 Bxc5 59. Bxc5 Nxc5+ 60.
Ke2 Ne4 61. Rxc7 Rxc7 62. Qe3 Qxe3+ 63. Kxe3 Ra7 64. Bd3 Nc5 65. Rb8+ Ke7 66.
Bb5 Nd7 67. Rc8 a4 68. Rc2 a3 69. Ra2 Nb6 70. Kd4 Kd8 71. Kc5 Nd7+ 72. Kd6 Nb6
73. Kc5 Nc4 74. Bxc4 dxc4 75. Kxc4 Kc7 76. Kc5 Ra4 77. Kb5 Ra7 78. Rc2+ Kd7 79.
Ra2 Kc7 80. Rc2+ Kd7 81. Ra2 Rb7+ 82. Kc5 Rc7+ 83. Kb5 Rc3 84. Kb6 Rb3+ 85. Kc5
Rh3 86. Ra1 Kc7 87. Ra2 Rxh4 88. Rxa3 Rxf4 89. Ra7+ Kd8 90. Kc6 Rc4+ 91. Kd6 Rf4
92. Ra8# {Black checkmated} 1-0

[Event "Team 45 45 League T36"]
[Site "Internet Chess Club"]
[Date "2008.03.02"]
[Round "6"]
[White "AlPearson"]
[Black "okun"]
[Result "0-1"]
[WhiteElo "1457"]
[BlackElo "1563"]
[Opening "English opening"]
[ECO "A16"]
[Time "09:05:24"]
[TimeControl "2700+45"]

1. c4 Nf6 2. Nc3 g6 3. Nf3 Bg7 4. g3 O-O 5. Bg2 d6 6. O-O Nc6 7. d3 e5 8. a3 Bg4
9. Rb1 Qd7 10. b4 Bh3 11. Re1 Rfe8 12. Bg5 h6 13. Bd2 Kh7 14. Qc1 Rh8 15. Ne4
Nxe4 16. dxe4 Kg8 17. Rd1 h5 18. c5 h4 19. Nxh4 Rxh4 20. cxd6 cxd6 21. b5 Nd4
22. Qc4 Bxg2 23. Bg5 Rh8 24. f3 Qh3 25. Kf2 Qxh2 26. Rg1 Bxf3+ 27. Kf1 Bxe2+
{White resigns} 0-1

[Event "Team 45 45 League T36"]
[Site "Internet Chess Club"]
[Date "2008.02.29"]
[Round "6"]
[White "GrandPoobah069"]
[Black "Ocho-Cinco"]
[Result "0-1"]
[WhiteElo "1670"]
[BlackElo "1727"]
[Opening "Sicilian: Alapin's variation (2.c3)"]
[ECO "B22"]
[Time "21:13:14"]
[TimeControl "2700+45"]

1. e4 c5 2. c3 g6 3. d4 cxd4 4. cxd4 Bg7 5. Nc3 Nc6 6. Be3 d6 7. Bc4 Nf6 8. Nge2
Ng4 9. Qd2 Nxe3 10. Qxe3 Qb6 11. O-O-O Na5 12. Bb5+ Kf8 13. Qd3 a6 14. Ba4 Be6
15. d5 Bc8 16. a3 Qc7 17. Kb1 b5 18. Bc2 Nc4 19. Nd4 Bb7 20. Qf3 Kg8 21. Bb3 Rc8
22. Qd3 Nxa3+ 23. Ka2 Nc4 24. Rc1 Qb6 25. Nce2 Qa5+ 26. Kb1 Nd2+ 27. Qxd2 Qxd2
28. Rcd1 Qb4 29. Rd3 h6 30. Rhd1 a5 31. Nc2 Qxe4 32. Re3 Qh4 33. g3 Qf6 34. Ned4
a4 35. Ba2 Kh7 36. Rf3 Qe5 37. Re1 Qxe1+ 38. Nxe1 Bxd4 39. Rxf7+ Bg7 40. Rxe7
Rhe8 41. Rxe8 Rxe8 42. Nd3 Re2 43. Kc1 a3 44. Kd1 Rxb2 45. Nxb2 axb2 46. Kc2 b4
47. h4 Ba6 48. Kd2 Bc3+ 49. Ke3 Kg7 50. Ke4 Be1 51. Ke3 Bc4 52. Bb1 Bxd5 53. Ke2
Bc3 54. f3 Bc4+ 55. Kf2 d5 56. h5 g5 57. g4 Bd2 58. f4 Bxf4 59. Ke1 Kf6 60. Kd1
Bb3+ 61. Ke2 Ke5 62. Kd3 Bc1 63. Ke2 Kd4 64. Bg6 Kc3 {White resigns} 0-1

[Event "Team 45 45 League T36"]
[Site "Internet Chess Club"]
[Date "2008.03.01"]
[Round "6"]
[White "Tyler"]
[Black "C-Jones"]
[Result "0-1"]
[WhiteElo "1380"]
[BlackElo "1615"]
[Opening "Sicilian defense"]
[ECO "B20"]
[Time "13:04:47"]
[TimeControl "2700+45"]

1. e4 c5 2. d3 Nc6 3. Nc3 d6 4. Nf3 g6 5. Be2 Bg7 6. Be3 Nf6 7. O-O O-O 8. h3 a6
9. Qd2 b5 10. a3 Rb8 11. Na2 a5 12. c3 b4 13. axb4 axb4 14. cxb4 Nxb4 15. Nxb4
Rxb4 16. Rfd1 Bd7 17. d4 Nxe4 18. Qd3 Bf5 19. Qc2 Nxf2 20. Bxf2 Bxc2 21. Rdc1
Be4 22. Ra2 Bd5 23. Raa1 Bxf3 24. Bxf3 Bxd4 25. Bxd4 Rxd4 26. Kh2 Qb6 27. Rab1
Rb4 28. Rc2 Rb8 29. h4 Rxh4+ 30. Kg1 c4+ 31. Rf2 c3 32. Kf1 Rh1+ 33. Ke2 Rxb1
34. bxc3 Rb2+ 35. Kf1 Qxf2# {White checkmated} 0-1

[Event "Team 45 45 League T36"]
[Site "Internet Chess Club"]
[Date "2008.03.02"]
[Round "6"]
[White "chesskix"]
[Black "kublai"]
[Result "1-0"]
[WhiteElo "1611"]
[BlackElo "1343"]
[Opening "English opening"]
[ECO "A05"]
[Time "16:00:08"]
[TimeControl "2700+45"]

1. Nf3 Nf6 2. c4 g6 3. Nc3 d6 4. g3 Bg7 5. Bg2 O-O 6. O-O c6 7. d3 Bg4 8. Bd2
Qd7 9. Re1 Bh3 10. Bh1 b5 11. cxb5 cxb5 12. Ng5 h6 13. Nxh3 Qxh3 14. Bxa8 Ng4
15. Bg2 Qxh2+ 16. Kf1 Bd4 17. e3 Bb6 18. Qxg4 Ba5 19. Qh3 Qxh3 20. Bxh3 f6 21.
a3 Nc6 22. b4 Bb6 23. Bg2 Ne5 24. Ke2 a6 25. Nd5 Bd8 26. Rac1 g5 27. Rh1 Kg7 28.
e4 e6 29. Nc7 Bxc7 30. Rxc7+ Nf7 31. Bf3 Kg6 32. Bh5+ Kg7 33. Bxf7 Rxf7 34.
Rxf7+ Kxf7 35. Rxh6 Kg7 36. Rh1 g4 37. Bc3 Kg6 38. f4 f5 39. Rh8 d5 40. exf5+
Kxf5 41. Rf8+ Kg6 42. Rf6+ {Black resigns} 1-0